 Dungeon Crawl Stone Soup version 0.30-a0-1163-gf69bf04e7a (webtiles) character file.

Game seed: 4996652631252387564

25961 sircluck the Severer (level 12, 0/107 HPs)
             Began as a Minotaur Fighter on Apr 28, 2023.
             Was a High Priest of Qazlal.
             Killed from afar by an oklob plant (23 damage)
             ... with a splash of acid
             ... on level 3 of the Lair of Beasts.
             The game lasted 00:31:43 (12864 turns).

sircluck the Severer (Minotaur Fighter)            Turns: 12864, Time: 00:31:44

Health: 0/107      AC: 10    Str: 38    XL:     12   Next: 94%
Magic:  16/16      EV: 11    Int:  8    God:    Qazlal [*****.]
Gold:   895        SH: 18    Dex:  9    Spells: 11/11 levels left

rFire   . . .        a - +0 war axe (protect)
rCold   . . .        c - +0 buckler
rNeg    . . .        h - +8 chain mail of Ciuvuabu {Str+2}
rPois   +            (helmet restricted)
rElec   .            l - +2 cloak {rPois}
rCorr   .            b - +0 pair of gloves
SInv    +            X - +1 pair of boots
Will    .....        f - amulet of reflection Stlth
                     V - +6 ring of strength
HPRegen 0.37/turn    n - ring "Vibboe" {Str+3 Int+3 SInv}
MPRegen 0.15/turn

%: repel missiles, reflection
@: corroded
A: horns 2, retaliatory headbutt
a: Renounce Religion, Upheaval, Elemental Force, Disaster Area


You were on level 3 of the Lair of Beasts.
You worshipped Qazlal.
Qazlal was extremely pleased with you.
You visited 5 branches of the dungeon, and saw 18 of its levels.

You collected 895 gold pieces.

Inventory:

Hand Weapons
 a - a +0 war axe of protection (weapon)
Missiles
 j - 4 boomerangs (quivered)
 y - 112 stones
 H - 3 throwing nets
 I - 6 poisoned darts
 R - 5 javelins
Armour
 b - a +0 pair of gloves (worn)
 c - a +0 buckler (worn)
 h - the +8 chain mail of Ciuvuabu (worn) {Str+2}
   (You took it off an orc on level 3 of the Dungeon)

   Str:       It affects your strength (+2).
 l - a +2 cloak of poison resistance (worn)
 X - a +1 pair of boots (worn)
Jewellery
 f - an amulet of reflection (around neck)
 k - a ring of protection from fire
 n - the ring "Vibboe" (right hand) {Str+3 Int+3 SInv}
   (You acquired it on level 6 of the Dungeon)

   [ring of see invisible]

   Str:       It affects your strength (+3).
   Int:       It affects your intelligence (+3).
   SInv:      It lets you see invisible.
 D - a +5 ring of evasion
 J - a +5 ring of evasion
 V - a +6 ring of strength (left hand)
 Y - a ring of positive energy
 Z - a ring of flight
Wands
 g - a wand of acid (17)
 x - a wand of iceblast (7)
 B - a wand of mindburst (10)
 E - a wand of digging (9)
 F - a wand of polymorph (5)
 W - a wand of flame (12)
Scrolls
 e - a scroll of enchant armour
 m - a scroll of noise
 q - 2 scrolls of silence
 r - a scroll of acquirement
 s - 2 scrolls of blinking
 v - 3 scrolls of teleportation
 w - a scroll of fear
 K - a scroll of vulnerability {unknown}
 L - 2 scrolls of immolation {unknown}
 M - 6 scrolls of identify
 N - a scroll of fog
 O - 2 scrolls of summoning {unknown}
 P - a scroll of torment {unknown}
 T - 3 scrolls of magic mapping {unknown}
 U - a scroll of poison {unknown}
Potions
 d - 5 potions of might
 i - a potion of invisibility {unknown}
 p - 4 potions of ambrosia
 t - 2 potions of lignification {unknown}
 u - 10 potions of curing
 z - 3 potions of berserk rage
 C - 4 potions of mutation
 Q - 2 potions of cancellation
 S - a potion of brilliance
Miscellaneous
 G - a piece from Xom's chessboard (15/15)


   Skills:
 + Level 10.4 Fighting
 + Level 16.0 Axes
 + Level 3.0 Throwing
 + Level 9.7 Armour
 + Level 4.6 Dodging
 - Level 0.3 Stealth
 + Level 12.2 Shields
 * Level 7.3 Invocations
 + Level 2.1 Evocations


You had 11 spell levels left.
You didn't know any spells.
Your spell library contained the following spells:

 Spells                   Type           Power      Damage    Failure   Level
 Apportation              Tloc           0%         N/A       77%         1
 Freeze                   Ice            0%         1d3       77%         1
 Necrotise                Necr           0%         1d4       77%         1
 Slow                     Hex            0%         N/A       77%         1
 Summon Small Mammal      Summ           0%         N/A       77%         1
 Blink                    Tloc           0%         N/A       88%         2
 Call Canine Familiar     Summ           0%         N/A       98%         3
 Confusing Touch          Hex            0%         N/A       98%         3
 Frozen Ramparts          Ice            0%         1d1       98%         3
 Hailstorm                Conj/Ice       0%         3d3       98%         3
 Portal Projectile        Hex/Tloc       0%         N/A       98%         3
 Tukima's Dance           Hex            0%         N/A       98%         3
 Vampiric Draining        Necr           0%         2d6       98%         3
 Leda's Liquefaction      Hex/Erth       0%         N/A       100%        4
 Manifold Assault         Tloc           0%         N/A       100%        4
 Blade Hands              Tmut           0%         N/A       100%        5
 Storm Form               Tmut/Air       0%         N/A       100%        7


Dungeon Overview and Level Annotations

Branches:
Dungeon (11/15)            Temple (1/1) D:6            Lair (4/5) D:8
  Swamp (1/4) Lair:3       Spider (1/4) Lair:2          Orc (0/2) D:9
  Slime: Lair:4-5

Altars:
Elyvilon
Fedhas
Gozag
Hepliaklqana
Makhleb
Nemelex Xobeh
Qazlal
Trog
Xom
Yredelemnul
The Shining One

Annotations:
Lair:3 exclusion: 3 oklob plants
Swamp:1 Louise


Innate Abilities, Weirdness & Mutations

You have a pair of horns on your head.
You reflexively headbutt those who attack you in melee.


Message History

The acid corrodes you!
Throw: 4 boomerangs
Press: ? - help, Q - select action, (/) - cycle Shift-Dir - straight line, f/p - oklob plant
Aim: an oklob plant (severely damaged, 98% to hit)
You throw a boomerang.
The boomerang hits the oklob plant but does no damage.
The oklob plant is severely damaged.
The oklob plant spits acid at you.
You block splash of acid... and reflect it back!
The splash of acid hits the oklob plant.
The oklob plant completely resists.
Throw: 4 boomerangs
Press: ? - help, Q - select action, (/) - cycle Shift-Dir - straight line, f/p - oklob plant
Aim: an oklob plant (severely damaged, 98% to hit)
You throw a boomerang. The boomerang hits the oklob plant.
The oklob plant is severely damaged.
Unknown command.
Throw: 4 boomerangs
Press: ? - help, Q - select action, (/) - cycle Shift-Dir - straight line, f/p - oklob plant
Aim: an oklob plant (severely damaged, 98% to hit)
You throw a boomerang.
The boomerang hits the oklob plant but does no damage.
The oklob plant is severely damaged.
Throw: 4 boomerangs
Press: ? - help, Q - select action, (/) - cycle Shift-Dir - straight line, f/p - oklob plant
Aim: an oklob plant (severely damaged, 98% to hit)
You throw a boomerang. The boomerang hits the oklob plant!
The oklob plant is almost destroyed.
The oklob plant spits acid at you. The splash of acid hits you!
* * * LOW HITPOINT WARNING * * *
Throw: 4 boomerangs
Press: ? - help, Q - select action, (/) - cycle Shift-Dir - straight line, f/p - oklob plant
Aim: an oklob plant (almost destroyed, 98% to hit)
You throw a boomerang.
The boomerang hits the oklob plant but does no damage.
The oklob plant is almost destroyed.
The oklob plant spits acid at you. The splash of acid hits you!!
You die...

#.#........
###.......#
#......###
#.#.#### #..##
##.# ## #
#####..##.# ##
#.#....§#.°.###
#..#.P....☼@☼..PP#
##.......°#.°°P..#
#...............##
.#.P...####..[##
#$.??$# ##..#
#=.P$.# ###
#....P# #.$$).#
#.$$P.#


You could see an oklob plant.

Vanquished Creatures
  Snorg (Lair:3)
  Harold (Lair:1)
  A hydra (Lair:2)
  Erica (D:10)
  A two-headed ogre (D:10)
  Urug (D:10)
  A shock serpent (D:10)
  Nergalle (D:10)
  Amaemon (D:10)
  The ghost of mnelsen79 the Firebug, a novice DrFE of Hepliaklqana (D:8)
  Pikel (D:8)
  A wolf spider (Spider:1)
  An oklob plant (Lair:3)
  Maurice (D:10)
  A cyclops (D:8)
  2 centaur zombies (D:10)
  An orange demon (D:10)
  3 cane toads
  Psyche (D:8)
  Maggie (D:7)
  3 komodo dragons
  Prince Ribbit (D:5)
  4 blink frogs
  2 shadows
  A spriggan (Lair:2)
  Sigmund (D:6)
  3 wyverns
  A wraith (D:9)
  A basilisk (Lair:2)
  36 yaks
  Eustachio (D:5)
  2 vampire mosquitoes (D:10)
  3 wargs (D:8)
  A steam dragon (D:8)
  2 swamp worms (Lair:3)
  Edmund (D:4)
  3 acid dragons
  The ghost of Oswald the Cutter, an amateur KoFi (D:3)
  Duvessa (D:4)
  9 water moccasins
  A sky beast (D:6)
  3 ice beasts
  2 black bears
  3 ogres
  4 centaurs
  2 lemures (D:8)
  4 phantoms
  2 bullfrogs
  4 gnoll sergeants
  2 scorpions
  Dowan (D:4)
  12 wights
  15 killer bees
  An electric eel (Lair:3)
  8 howler monkeys
  A gnoll bouda (D:6)
  5 jellies
  3 hounds
  6 orc priests
  An iguana (D:6)
  13 orc wizards
  A sleepcap (D:5)
  6 ogre zombies (D:9)
  Robin (D:4)
  8 adders
  31 gnolls
  A shadow imp (D:8)
  3 white imps
  A worm (D:2)
  A dart slug (D:3)
  34 orcs
  3 ball pythons
  7 endoplasms
  2 giant cockroaches
  7 goblins
  13 hobgoblins
  6 jackals
  8 kobolds
  7 quokkas
  6 bats
  3 frilled lizards
  A goblin skeleton (D:9)
  A goblin zombie (D:9)
  2 hobgoblin zombies (D:9)
  An orc skeleton (D:9)
  14 orc zombies (D:9)
361 creatures vanquished.

Vanquished Creatures (others)
  A bush (Lair:2)
  5 fungi
  18 plants
24 creatures vanquished.

Grand Total: 385 creatures vanquished

Notes
Turn   | Place    | Note
-------+----------+-------------------------------------------
     0 | D:1      | sircluck the Minotaur Fighter began the quest for the Orb.
     0 | D:1      | Reached XP level 1. HP: 19/19 MP: 0/0
   108 | D:1      | Reached XP level 2. HP: 27/27 MP: 1/1
   559 | D:2      | Reached XP level 3. HP: 33/33 MP: 2/2
   682 | D:2      | Reached skill level 3 in Axes
   688 | D:2      | Reached XP level 4. HP: 34/40 MP: 3/3
   852 | D:2      | Found a faded altar of an unknown god.
   905 | D:2      | Prayed at the altar of an unknown god.
   905 | D:2      | Became a worshipper of Qazlal Stormbringer
   905 | D:2      | Reached * piety under Qazlal
  1022 | D:2      | Found a shimmering altar of Xom.
  1388 | D:3      | Reached skill level 4 in Axes
  1522 | D:3      | Noticed an ogre
  1531 | D:3      | Killed an ogre
  1532 | D:3      | Reached skill level 1 in Throwing
  1532 | D:3      | Reached XP level 5. HP: 47/47 MP: 4/4
  1622 | D:3      | Found a runed translucent gate.
  1623 | D:3      | Found a runed translucent gate.
  1623 | D:3      | Noticed Oswald's ghost (amateur KoFi)
  1624 | D:3      | Found a runed translucent gate.
  1626 | D:3      | Identified the +8 chain mail of Ciuvuabu {Str+2}
  1703 | D:3      | Found a glowing golden altar of the Shining One.
  1709 | D:3      | Found a sparkling altar of Nemelex Xobeh.
  1716 | D:3      | Found a white marble altar of Elyvilon.
  2005 | D:3      | Killed Oswald's ghost
  2006 | D:3      | Reached skill level 5 in Armour
  2006 | D:3      | Reached skill level 5 in Shields
  2006 | D:3      | Reached XP level 6. HP: 46/53 MP: 5/5
  2182 | D:3      | Reached skill level 5 in Axes
  2182 | D:3      | Reached skill level 1 in Dodging
  2236 | D:4      | Noticed Robin
  2246 | D:4      | Reached ** piety under Qazlal
  2256 | D:4      | Killed Robin
  2262 | D:4      | Noticed Edmund
  2305 | D:4      | Reached XP level 7. HP: 60/60 MP: 6/6
  2343 | D:4      | Killed Edmund
  2344 | D:4      | Reached skill level 6 in Axes
  2448 | D:4      | Found a bloodstained altar of Trog.
  2631 | D:4      | Noticed Duvessa
  2631 | D:4      | Noticed Dowan
  2638 | D:4      | Killed Duvessa
  2651 | D:4      | Killed Dowan
  2652 | D:4      | Reached skill level 5 in Fighting
  2652 | D:4      | Reached skill level 7 in Axes
  2760 | D:5      | Entered Level 5 of the Dungeon
  2817 | D:4      | Reached XP level 8. HP: 68/70 MP: 7/7
  2829 | D:5      | Noticed Prince Ribbit
  2849 | D:4      | You fall into a shaft and drop 1 floor!
  3013 | D:5      | Noticed Eustachio
  3020 | D:5      | Killed Eustachio
  3021 | D:5      | Reached skill level 8 in Axes
  3458 | D:5      | Killed Prince Ribbit
  3459 | D:5      | Reached skill level 9 in Axes
  3626 | D:5      | Found an opulent altar of Gozag.
  4363 | D:5      | Reached *** piety under Qazlal
  4510 | D:6      | Found a staircase to the Ecumenical Temple.
  4519 | D:6      | Noticed Sigmund
  4529 | D:6      | Reached skill level 10 in Axes
  4529 | D:6      | Reached XP level 9. HP: 59/75 MP: 8/8
  4546 | Temple   | Entered the Ecumenical Temple
  4708 | D:6      | Killed Sigmund
  4843 | D:6      | Identified 2 scrolls of acquirement
  4843 | D:6      | Acquired the ring "Vibboe" {Str+3 Int+3 SInv}
  5402 | D:6      | Reached skill level 11 in Axes
  5411 | D:7      | Noticed Maggie
  5609 | D:7      | Killed Maggie
  5666 | D:7      | Reached **** piety under Qazlal
  6380 | D:7      | Reached XP level 10. HP: 86/86 MP: 9/9
  6421 | D:8      | Reached skill level 1 in Invocations
  6434 | D:8      | Reached skill level 12 in Axes
  6449 | D:8      | Noticed Psyche
  6456 | D:8      | Killed Psyche
  6469 | D:8      | Noticed Pikel
  6484 | D:8      | Killed Pikel
  6592 | D:8      | Found a burning altar of Makhleb.
  6765 | D:8      | Found a staircase to the Lair.
  6919 | D:8      | Found a runed translucent gate.
  6920 | D:8      | Found a runed translucent gate.
  6920 | D:8      | Found an opulent altar of Gozag.
  6921 | D:8      | Found a runed translucent gate.
  6923 | D:8      | Noticed mnelsen79's ghost (novice DrFE)
  6924 | D:8      | Noticed a cyclops
  7071 | D:8      | Killed a cyclops
  7072 | D:8      | Reached skill level 13 in Axes
  7072 | D:8      | Reached skill level 10 in Shields
  7081 | D:8      | Killed mnelsen79's ghost
  7189 | D:9      | Found a blossoming altar of Fedhas.
  7201 | D:8      | Reached XP level 11. HP: 89/92 MP: 12/12
  7542 | D:9      | Found a staircase to the Orcish Mines.
  8106 | D:10     | Entered Level 10 of the Dungeon
  8252 | D:10     | Noticed a two-headed ogre
  8253 | D:10     | a two-headed ogre changed into a steelbarb worm
  8253 | D:10     | Noticed a steelbarb worm
  8256 | D:10     | a steelbarb worm changed into a shock serpent
  8256 | D:10     | Noticed a shock serpent
  8263 | D:10     | Killed a shock serpent
  8344 | D:10     | Noticed Urug
  8361 | D:10     | Killed Urug
  8590 | D:10     | Reached skill level 14 in Axes
  8590 | D:10     | Reached skill level 1 in Evocations
  8598 | D:10     | Reached skill level 5 in Invocations
  8603 | D:10     | Found a basalt altar of Yredelemnul.
  8644 | D:10     | Reached ***** piety under Qazlal
  8678 | D:10     | Noticed Amaemon
  8694 | D:10     | Killed Amaemon
  8822 | D:10     | Noticed Maurice
  8832 | D:10     | Killed Maurice
  9024 | D:10     | Noticed a two-headed ogre
  9032 | D:10     | Killed a two-headed ogre
  9033 | D:10     | Reached XP level 12. HP: 104/104 MP: 15/15
  9130 | D:10     | Noticed Nergalle
  9150 | D:10     | Killed Nergalle
  9291 | D:10     | Noticed Erica
  9301 | D:10     | Killed Erica
  9496 | Lair:1   | Entered Level 1 of the Lair of Beasts
  9531 | Lair:1   | Reached skill level 15 in Axes
  9574 | Lair:1   | Noticed Harold
  9587 | Lair:1   | Killed Harold
 10669 | Lair:2   | Found a hole to the Spider Nest.
 10670 | Lair:2   | Noticed an eight-headed hydra
 10700 | Lair:2   | Killed a nine-headed hydra
 11527 | Lair:2   | Reached skill level 10 in Fighting
 12038 | Spider:1 | Entered Level 1 of the Spider Nest
 12417 | Lair:3   | Noticed Snorg
 12428 | Lair:3   | Killed Snorg
 12452 | Lair:3   | Found a staircase to the Swamp.
 12461 | Swamp:1  | Entered Level 1 of the Swamp
 12461 | Swamp:1  | Noticed Louise
 12631 | Lair:3   | Reached skill level 16 in Axes
 12864 | Lair:3   | Killed from afar by an oklob plant

Illustrated notes

Levels and vault maps discovered:
D:1:      minmay_arrival_cross, layout_rooms
D:2:      layout_basic, basic_altar, shapermc_ecumenical_altar_mp_vishouse,
          hangedman_abyss_or_decor_lesser_grid
D:3:      layout_rooms, grunt_temple_overflow_diamond,
          biasface_ghost_orc_armoury
D:4:      layout_rooms, mainiacjoe_overflow_tiny_flanked, uniq_duvessa,
          uniq_edmund, uniq_robin
D:5:      layout_basic, mainiacjoe_overflow_six_doors_small, serial_curves,
          eino_curves_02, eino_curves_03, grunt_decor_arrowhead,
          hellmonk_bongcloud_opening, uniq_prince_ribbit1, uniq_eustachio
D:6:      layout_rooms, minmay_temple_entry_grid, grunt_ministairs_6,
          uniq_sigmund
D:7:      layout_basic, uniq_maggie
D:8:      layout_basic, makhleb_grotto_becter, erik_lair_orcish_takeover,
          ebering_ghost_gozag, uniq_psyche, uniq_pikel
D:9:      layout_long_grid, mainiacjoe_overflow_chevrons, zombieorc1_lemuel
D:10:     layout_irregular_city, lemuel_zombie_altar_yredelemnul,
          billiards_dpeg, uniq_nergalle, uniq_maurice, uniq_amaemon, uniq_erica,
          uniq_urug
D:11:     layout_roguey, uniq_gastronok
Temple:   nicolae_temple_superstar
Lair:1:   layout_cave_pods, uniq_harold
Lair:2:   wad_woods_04, layout_layer_cave, spider_nest_entry_web_field
Lair:3:   minmay_lair_oklob_chamber, layout_cave_pods,
          nicolae_swamp_entry_splash_gauntlet, uniq_snorg
Lair:4:   layout_cave_pods, nicolae_slime_entry_slimehenge, grunt_megastairs_1,
          serial_bayou_shore_b
Swamp:1:  layout_basic_swamp, evilmike_swamp_ruin_house_4, swamp_pool3,
          infiniplex_staircase_pool_2, uniq_louise, uniq_nikola
Spider:1: layout_spider_delve, uniq_aizul

Skill      XL: |  1  2  3  4  5  6  7  8  9 10 11 12 |
---------------+-------------------------------------+-----
Armour         | 4 5 7 8 9 |  9.7
Fighting       | 4 5 6 7 9 10 | 10.4
Shields        | 4 5 7 9 10 11 12 | 12.2
Axes           | 3 4 5 7 10 11 13 14 16 | 16.0
Throwing       | 1 2 3 |  3.0
Dodging        | 1 2 3 4 |  4.6
Invocations    | 3 5 7 |  7.3
Evocations     | 1 2 |  2.1
Stealth        | |  0.3

Action                     |  1- 3 |  4- 6 |  7- 9 | 10-12 || total
---------------------------+-------+-------+-------+-------++-------
  Melee: War axe           |    47 |    90 |   282 |   529 ||   948
         Headbutt          |     4 |    11 |    45 |   119 ||   179
  Throw: Stone             |       |    33 |       |       ||    33
         Boomerang         |       |     2 |     1 |    29 ||    32
 Invoke: Upheaval          |       |       |       |     2 ||     2
         Elemental Force   |       |       |       |     1 ||     1
  Evoke: Wand              |       |       |       |    20 ||    20
    Use: Scroll            |       |     4 |    11 |     1 ||    16
         Potion            |       |     1 |     4 |       ||     5
   Stab: Held in net/web   |       |       |       |     1 ||     1
 Armour: Scale mail        |    12 |    23 |       |       ||    35
         Plate armour      |       |    14 |       |       ||    14
         Chain mail        |       |    27 |   126 |   122 ||   275
  Dodge: Dodged            |    18 |    40 |    93 |   176 ||   327
         Repelled          |       |       |       |     5 ||     5
  Block: Buckler           |    26 |    86 |   215 |   341 ||   668
         Reflection        |       |     1 |    10 |    12 ||    23

Table legend: (Time is in decaauts)
 A = Elapsed time spent in this place.
 B = Non-inter-level travel time spent in this place.
 C = Inter-level travel time spent in this place.
 D = Time resting spent in this place.
 E = Time spent auto-exploring this place.
 F = Levels seen in this place.
 G = Mean time per level.
                   A        B        C        D        E       F      G
               +--------+--------+--------+--------+--------+-----+--------+
         Total |  12853 |  11116 |   1737 |   1084 |   7561 |  18 |  714.1 |
       Dungeon |   9364 |   8069 |   1295 |    486 |   5528 |  11 |  851.3 |
        Temple |    151 |    151 |      0 |    149 |      0 |   1 |  151.0 |
          Lair |   3330 |   2888 |    442 |    449 |   2033 |   4 |  832.5 |
         Swamp |      1 |      1 |      0 |      0 |      0 |   1 |    1.0 |
   Spider Nest |      5 |      5 |      0 |      0 |      0 |   1 |    5.0 |
               +--------+--------+--------+--------+--------+-----+--------+

Top non-repeatable levels by time:
  Lair:2: 1610 daAuts
     D:5: 1566 daAuts
    D:10: 1185 daAuts
  Lair:1: 1027 daAuts
     D:8: 990 daAuts
     D:6: 967 daAuts
     D:3: 927 daAuts
     D:7: 892 daAuts
     D:2: 878 daAuts
     D:9: 821 daAuts
  Lair:3: 690 daAuts
     D:4: 630 daAuts
     D:1: 502 daAuts
  Temple: 151 daAuts
Spider:1: 5 daAuts
